 Dungeon Crawl Stone Soup version 0.25.0-26-g0c896c7088 (webtiles) character file.

Game seed: 11273085233185070353

3221 4FPSwarrior the Sneak (level 9, 0/87 HPs)
             Began as an Octopode Wizard on June 5, 2020.
             Was a Believer of Kikubaaqudgha.
             Slain by a vampire mosquito (7 damage)
             ... on level 8 of the Dungeon on July 5, 2020.
             The game lasted 00:39:24 (10518 turns).

4FPSwarrior the Sneak (Octopode Wizard)            Turns: 10518, Time: 00:39:25

Health: 0/87       AC:  5    Str: 13    XL:     9   Next: 97%
Magic:  24/25      EV: 13    Int: 21    God:    Kikubaaqudgha [**....]
Gold:   495        SH:  0    Dex: 12    Spells: 7/18 levels left

rFire    . . .     SeeInvis .   v - +0 short sword (vamp)
rCold    . . .     Gourm    .   (no shield)
rNeg     . . .     Faith    .   y - +0 hat
rPois    .         Spirit   .   u - amulet of regeneration
rElec    .         Reflect  .   h - +4 ring of protection
rCorr    .         Harm     .   g - +6 ring of strength
MR       .....                  A - ring of magical power
Stlth    ..........             (no ring)
HPRegen  0.64/turn              (no ring)
MPRegen  0.19/turn              (no ring)
                                (no ring)
                                (no ring)

@: berserking, stab, very quick
A: almost no armour, stealthy swim, amphibious, 8 rings, constrict 8, camouflage
1, gelatinous body 1
a: Receive Corpses, Renounce Religion


You were on level 8 of the Dungeon.
You worshipped Kikubaaqudgha.
Kikubaaqudgha was pleased with you.
You were hungry.

You visited 2 branches of the dungeon, and saw 9 of its levels.
You also visited: Ossuary.

You collected 803 gold pieces.
You spent 308 gold pieces at shops.

Inventory:

Hand Weapons
 n - a +1 dagger of venom
 v - a +0 vampiric short sword (weapon)
 D - a +1 rapier of speed
 J - a +1 short sword of protection
Missiles
 b - 68 sling bullets (quivered)
Armour
 l - a +0 kite shield
 y - a +0 hat (worn)
Jewellery
 g - a +6 ring of strength (right tentacle)
 h - a +4 ring of protection (left tentacle)
 m - an uncursed amulet of the acrobat
 u - an amulet of regeneration (around mantle)
 A - a ring of magical power (on tentacle)
 B - an uncursed amulet of magic regeneration
Wands
 E - a wand of acid (3)
Scrolls
 i - a scroll of blinking {unknown}
 k - 7 scrolls of identify
 o - 5 scrolls of enchant armour
 p - a scroll of fear {unknown}
 q - 3 scrolls of teleportation
 s - a scroll of immolation {unknown}
 t - 2 scrolls of remove curse
 C - a scroll of noise {unknown}
 F - a scroll of acquirement {unknown}
 I - a scroll of random uselessness {unknown}
Potions
 a - a potion of stabbing
 d - a potion of ambrosia {unknown}
 e - 8 potions of curing
 f - a potion of haste {unknown}
 j - a potion of might {unknown}
 r - 2 potions of flight {unknown}
 w - a potion of lignification {unknown}
 x - a potion of berserk rage
 z - a potion of heal wounds {unknown}
 G - a potion of resistance {unknown}
Comestibles
 c - 13 rations


   Skills:
 + Level 3.7 Fighting
 + Level 3.6 Short Blades
 - Level 2.0 Dodging
 + Level 6.7 Stealth
 * Level 5.9 Shields
 + Level 5.2 Spellcasting
 + Level 4.6 Conjurations
 - Level 3.0 Summonings
 * Level 4.2 Necromancy
 - Level 3.0 Translocations
 + Level 3.8 Fire Magic


You had 7 spell levels left.
You knew the following spells:

 Your Spells              Type           Power        Failure   Level  Hunger
a - Magic Dart            Conj           ###.         1%          1    None
b - Blink                 Tloc           N/A          4%          2    None
c - Call Imp              Summ           ###.....     4%          2    None
d - Conjure Flame         Conj/Fire      ###.....     5%          3    ##.....
e - Vampiric Draining     Necr           ###.......   5%          3    ##.....

Your spell library contained the following spells:

 Spells                   Type           Power        Failure   Level  Hunger
 Pain                     Necr           ###.         1%          1    None
 Sublimation of Blood     Necr           ###.......   2%          2    None
 Corpse Rot               Necr/Air       N/A          7%          2    None
 Slow                     Hex            #.......     16%         2    None
 Mephitic Cloud           Conj/Pois/Air  ##......     17%         3    ##.....


Dungeon Overview and Level Annotations

Branches:
Dungeon (8/15)             Temple (1/1) D:5         Ossuary (visited)
   Lair: D:8-11

Altars:
Ashenzari
Cheibriados
Dithmenos
Elyvilon
Fedhas
Gozag
Hepliaklqana
Kikubaaqudgha
Makhleb
Nemelex Xobeh
Okawaru
Qazlal
Ru
Trog
Uskayaw
Vehumet
Wu Jian
Xom
Yredelemnul
Zin
The Shining One

Shops:
D:7 }

Annotations:
D:3 1 runed translucent door, Crazy Yiuf
D:6 2 runed translucent doors, nojaa's ghost, novice SpEn
D:7 exclusion: door


Innate Abilities, Weirdness & Mutations

You cannot wear most types of armour.
You are very stealthy in the water. (Stealth+)
You are amphibious.
You can wear up to eight rings at the same time.
You can use your tentacles to constrict eight enemies at once.
Your skin changes colour to match your surroundings (Stealth+).
Your rubbery body absorbs attacks. (AC +1, EV +1)


Message History

You destroy the vampire mosquito!
Kikubaaqudgha accepts your kill.
You barely miss the vampire mosquito. Your grab misses the vampire mosquito.
The vampire mosquito barely misses you.
You miss the vampire mosquito. Your grab misses the vampire mosquito.
The vampire mosquito bites you but does no damage.
You miss the vampire mosquito. Your grab misses the vampire mosquito.
Your squeeze misses the vampire mosquito.
The vampire mosquito misses you.
You puncture the vampire mosquito! Your grab misses the vampire mosquito.
The vampire mosquito is moderately damaged.
The vampire mosquito bites you.
* * * LOW HITPOINT WARNING * * *
The vampire mosquito draws strength from your injuries!
The vampire mosquito bites you but does no damage.
You barely miss the vampire mosquito. Your grab misses the vampire mosquito.
The vampire mosquito is moderately damaged.
The vampire mosquito bites you!
You die...
Kikubaaqudgha rasps: "You have failed me!
Welcome... death!"

.......#....#
#.#..>#
#.##..#
#.##..#
#.##..#
#.##..#
#.##..#
#.##..# #@#
#y# #### #...#
####...
.......
#......
###...#...
#.##...
##.###...#
#.##..# #.#
##...###>##..#
#..
.............#
###
##...###.##.##


You could see a vampire mosquito.

Vanquished Creatures
  A centaur skeleton (D:8)
  A human (D:7)
  3 vampire mosquitoes (D:8)
  An ice beast (D:7)
  2 orc warriors (D:8)
  2 sky beasts
  A phantom (D:7)
  2 centaurs
  A bullfrog (D:7)
  Blork the orc (D:5)
  3 scorpions
  A howler monkey (D:6)
  A jelly (D:7)
  3 crimson imps
  4 hounds
  A bullfrog zombie (D:7)
  A bullfrog skeleton (D:5)
  2 orc priests (D:7)
  4 orc wizards
  2 iguanas
  6 worker ants
  2 hound zombies (D:6)
  2 hound skeletons
  8 mummies (Ossuary)
  2 worker ant zombies
  3 gnolls (D:6)
  6 adders
  A shadow imp (D:6)
  2 oozes
  2 adder skeletons
  3 worms
  2 dart slugs (D:1)
  8 leopard geckos
  22 orcs
  7 bats
  3 giant cockroaches
  A gnoll zombie (Ossuary)
  8 goblins
  6 hobgoblins
  7 jackals
  6 kobolds
  3 quokkas
  3 ball pythons
  6 frilled lizards
  A kobold zombie (Ossuary)
  5 orc zombies (Ossuary)
  A quokka skeleton (D:6)
  6 rats
169 creatures vanquished.

Vanquished Creatures (collateral kills)
  Eustachio (D:6)
  An ogre (D:5)
  A centaur (D:7)
  2 bullfrogs
  An orc wizard (D:7)
  An orc priest (D:7)
  A bullfrog skeleton (D:7)
  An iguana (D:5)
  An adder (D:2)
  An orc (D:7)
  3 jackals (D:6)
  A hobgoblin zombie (Ossuary)
15 creatures vanquished.

Grand Total: 184 creatures vanquished

Notes
Turn   | Place    | Note
-------+----------+-------------------------------------------
     0 | D:1      | 4FPSwarrior the Octopode Wizard began the quest for the
                  | Orb.
     0 | D:1      | Reached XP level 1. HP: 11/11 MP: 4/4
   257 | D:1      | Reached XP level 2. HP: 17/17 MP: 4/6
  1352 | D:2      | Reached XP level 3. HP: 21/21 MP: 0/7
  1472 | D:2      | Learned a level 2 spell: Blink
  1533 | D:2      | Learned a level 2 spell: Call Imp
  1537 | D:2      | Learned a level 3 spell: Conjure Flame
  1586 | D:2      | Found a white marble altar of Elyvilon.
  1633 | D:2      | Reached skill level 3 in Stealth
  2098 | D:2      | Reached skill level 1 in Shields
  2179 | D:2      | Reached XP level 4. HP: 27/27 MP: 3/9
  2950 | D:3      | Reached XP level 5. HP: 26/31 MP: 1/10
  3132 | D:3      | Found a stormy altar of Qazlal.
  3203 | D:3      | Found a blossoming altar of Fedhas.
  3203 | D:3      | Found a sparkling altar of Nemelex Xobeh.
  3245 | D:3      | Found a runed translucent door.
  3246 | D:3      | Noticed Crazy Yiuf
  4082 | D:4      | Reached XP level 6. HP: 29/36 MP: 5/11
  4165 | D:4      | Reached skill level 4 in Stealth
  4165 | D:4      | Reached skill level 1 in Fire Magic
  4941 | D:5      | Entered Level 5 of the Dungeon
  4965 | D:5      | Upgraded the game from 0.25-b1-37-g2669288c55 to
                  | 0.25.0-9-g26727b657a
  5061 | D:5      | Found a staircase to the Ecumenical Temple.
  5067 | Temple   | Entered the Ecumenical Temple
  5157 | Temple   | Became a worshipper of Kikubaaqudgha
  5472 | D:5      | Found an ornate altar of the Wu Jian Council.
  5541 | D:5      | Reached skill level 1 in Fighting
  5541 | D:5      | Reached skill level 1 in Short Blades
  5541 | D:5      | Reached XP level 7. HP: 43/43 MP: 1/13
  5917 | D:5      | Noticed Blork the orc
  5925 | D:5      | Killed Blork the orc
  6758 | D:6      | Reached XP level 8. HP: 47/50 MP: 14/14
  6914 | D:6      | Reached skill level 5 in Stealth
  6967 | D:6      | Found a runed translucent door.
  6967 | D:6      | Noticed nojaa's ghost (novice SpEn)
  7021 | D:6      | Reached * piety under Kikubaaqudgha
  7021 | D:6      | Identified Kikubaaqudgha's Collected Works on Darkness
                  | (Kikubaaqudgha gifted it to you on level 6 of the Dungeon)
  7021 | D:6      | Received a gift from Kikubaaqudgha
  7029 | D:6      | Learned a level 3 spell: Vampiric Draining
  7154 | D:6      | Noticed Eustachio
  7170 | D:6      | Killed Eustachio
  7260 | D:6      | Found a runed translucent door.
  7426 | D:6      | Found a sparkling altar of Nemelex Xobeh.
  7673 | D:7      | Reached skill level 1 in Necromancy
  8224 | D:7      | Reached XP level 9. HP: 53/55 MP: 12/15
  8567 | D:7      | Reached skill level 5 in Shields
  8776 | D:7      | Found Bidal's Gadget Shoppe.
  8789 | D:7      | Bought a wand of acid (7) for 308 gold pieces
  8904 | D:7      | Reached skill level 6 in Stealth
  9270 | D:7      | Upgraded the game from 0.25.0-9-g26727b657a to
                  | 0.25.0-10-g039870ee82
  9368 | D:8      | Reached ** piety under Kikubaaqudgha
  9377 | D:8      | Found a sand-covered staircase.
  9388 | Ossuary  | Entered an ossuary
 10186 | D:8      | Reached skill level 5 in Spellcasting
 10261 | D:8      | Upgraded the game from 0.25.0-10-g039870ee82 to
                  | 0.25.0-26-g0c896c7088
 10518 | D:8      | Slain by a vampire mosquito

Illustrated notes

Levels and vault maps discovered:
D:1:      psy_arrival_dodecagon, layout_basic, serial_corexii_hall,
          chequers_hall_statues_wall_a, chequers_hall_statues_wall_a,
          chequers_serial_rivers_large_b
D:2:      layout_basic, nicolae_overflow_crystal_walls
D:3:      layout_loops_ring, gammafunk_temple_overflow_statue,
          nicolae_qazlal_general_emergency, hangedman_abyss_or_decor_stabs,
          uniq_crazy_yiuf_cottage
D:4:      layout_cave_pods, chequers_serial_rivers_room_a
D:5:      cheibrodos_quashed, layout_loops_cross, lemuel_round_altar,
          minmay_temple_entry_fiery, first_ration, nicolae_underground_beach,
          uniq_blork_the_orc
D:6:      layout_loops_corners, ebering_ghost_sewer_f,
          nemelex_spade_bored_becter, uniq_eustachio
D:7:      layout_gridville, serial_shops, shop_statue, grunt_livestock,
          minmay_splitting_lines, roderic_nine_men_s_morris
D:8:      layout_loops_ring, kennysheep_mini_moat,
          lightli_ossuary_entry_decrepit_ruins, minmay_misc_feat_tower,
          nicolae_ru_sacrificial_ziggurat
Temple:   nicolae_temple_elliptical

Skill      XL: |  1  2  3  4  5  6  7  8  9 |
---------------+----------------------------+-----
Conjurations   | 2 3 4 |  4.6
Stealth        | 3 4 5 6 |  6.7
Shields        | 1 2 3 4 5 |  5.9
Fire Magic     | 1 2 3 |  3.8
Translocations | 2 3 |  3.0
Fighting       | 1 2 3 |  3.7
Short Blades   | 1 2 3 |  3.6
Spellcasting   | 4 5 |  5.2
Summonings     | 2 3 |  3.0
Necromancy     | 2 4 |  4.2
Dodging        | |  2.0

Action                   |  1- 3 |  4- 6 |  7- 9 || total
-------------------------+-------+-------+-------++-------
Melee: Constrict         |     8 |    10 |    47 ||    65
       Unarmed           |     1 |       |       ||     1
       Dagger            |    35 |    31 |       ||    66
       Tentacles         |     3 |     7 |    34 ||    44
       Short sword       |       |    16 |   164 ||   180
 Cast: Magic Dart        |    69 |   137 |   329 ||   535
       Call Imp          |     1 |     3 |    30 ||    34
       Conjure Flame     |       |     1 |     5 ||     6
       Blink             |       |     1 |     1 ||     2
Evoke: Wand              |       |       |     4 ||     4
  Use: Scroll            |       |     4 |     5 ||     9
       Potion            |       |       |     2 ||     2
 Stab: Sleeping          |     3 |       |     5 ||     8
  Eat: Chunk             |     4 |     8 |    14 ||    26
       Ration            |       |     1 |       ||     1
Armor: Skin              |    18 |     9 |    49 ||    76
Dodge: Dodged            |    33 |    28 |   138 ||   199
